 Dungeon Crawl Stone Soup version 0.19-a0-1008-g4c63d25 (webtiles) character file.

829142 Implojin the Intangible (level 27, -4/212 (218) HPs)
             Began as a Minotaur Wanderer on July 24, 2016.
             Was the Champion of Pakellas.
             Succumbed to poison (dark miasma)
             ... on level 7 of Tartarus.
             The game lasted 06:57:36 (90162 turns).

Implojin the Intangible (Minotaur Wanderer)        Turns: 90162, Time: 06:57:37

HP:   -4/212 (218)  AC: 27    Str: 28    XL:     27
MP:   26/26         EV: 36    Int:  6    God:    Pakellas [******]
Gold: 6215          SH: 33    Dex: 29    Spells: 10 memorised, 7 levels left

rFire  + + .     SeeInvis +     a - +9 demon whip (elec)
rCold  + . .     Gourm    .     B - +0 fire dragon armour of Shielding {rF++ rC- Regen+ Str-2 Dex+3}
rNeg   + + +     Faith    .     Y - +0 large shield {reflect}
rPois  .         Spirit   .     J - +2 hat {SInv}
rElec  +         Dismiss  .     w - +0 cloak of Kleptomania {Dex+4 Slay+5}
rCorr  .         Reflect  +     N - +2 pair of gloves {Str+3}
SustAt .         Harm     .     H - +2 pair of boots {run}
MR     ++...                    E - +5 amulet of reflection
Stlth  ++........               Q - ring "Zoan" {rElec rN+ Str+3 SInv}
                                V - ring of Fivoukh {*Contam rC++ rN++ Dex+5}

@: lethally poisoned (-4 -> -243), exhausted, corroded, non-regenerating, badly
diseased, slowed, very slow, very resistant to hostile enchantments, unstealthy
A: retaliatory headbutt, horns 2, dopey 1, frail 2, shaggy fur 1, subdued magic
1
a: Quick Charge, Device Surge, Supercharge, Renounce Religion
}: 6/15 runes: decaying, serpentine, slimy, silver, golden, abyssal


You were on level 7 of Tartarus.
You worshipped Pakellas.
Pakellas was exalted by your worship.
You were very full.

You visited 13 branches of the dungeon, and saw 63 of its levels.
You visited the Abyss 3 times.
You visited 1 bazaar.
You visited 1 ziggurat, and saw 11 of its levels.

You collected 11433 gold pieces.
You spent 5218 gold pieces at shops.

Inventory:

Hand Weapons
 a - a +9 demon whip of electrocution (weapon)
 p - a +7 vampiric broad axe
Armour
 b - a +1 cloak of invisibility
 w - the +0 cloak of Kleptomania (worn) {Dex+4 Slay+5}
   (You found it on level 5 of the Vaults)

   It affects your dexterity (+4).
   It affects your accuracy and damage with ranged weapons and melee attacks
   (+5).
 B - the +0 fire dragon armour of Shielding (worn) {rF++ rC- Regen+ Str-2 Dex+3}
   (You bought it in a shop on level 2 of the Orcish Mines)

   It affects your strength (-2).
   It affects your dexterity (+3).
   It greatly protects you from fire.
   It makes you vulnerable to cold.
   It increases your rate of regeneration.
 F - a +1 pearl dragon armour
 G - a +1 pair of gloves of dexterity
 H - a +2 pair of boots of running (worn)
 J - a +2 hat of see invisible (worn)
 N - a +2 pair of gloves of strength (worn)
 Y - a +0 large shield of reflection (worn)
Jewellery
 c - an uncursed ring of resist corrosion
 k - an uncursed ring of sustain attributes
 l - the ring of Kasy {+Fly rPois Dex+6 Stlth+}
   (You took it off a crimson imp on level 15 of the Dungeon)

   [ring of flight]

   It affects your dexterity (+6).
   It protects you from poison.
   It lets you fly.
   It makes you more stealthy.
 q - the ring "Anedat" {+Fly MR+ SInv}
   (You found it on level 10 of a ziggurat)

   [ring of flight]

   It affects your resistance to hostile enchantments.
   It lets you see invisible.
   It lets you fly.
 A - the ring of Surprise {+Blink rElec rF+ rN+}
   (You took it off a deep elf death mage on level 3 of the Crypt)

   [ring of positive energy]

   It protects you from fire.
   It insulates you from electricity.
   It protects you from negative energy.
   It lets you blink.
 E - a +5 amulet of reflection (around neck)
 Q - the ring "Zoan" (right hand) {rElec rN+ Str+3 SInv}
   (You took it off a mummy priest on level 3 of the Crypt)

   [ring of positive energy]

   It affects your strength (+3).
   It insulates you from electricity.
   It protects you from negative energy.
   It lets you see invisible.
 V - the ring of Fivoukh (left hand) {*Contam rC++ rN++ Dex+5}
   (You bought it in a shop on level 2 of the Orcish Mines)

   [ring of dexterity]

   It affects your dexterity (+5).
   It greatly protects you from cold.
   It greatly protects you from negative energy.
   It causes magical contamination when unequipped.
 X - an uncursed amulet of regeneration
Wands
 j - a wand of teleportation (9/9)
 o - a wand of teleportation (9/9)
 z - a wand of digging (20/24)
 P - a wand of heal wounds (4/9)
Scrolls
 d - a scroll of identify
 e - 24 scrolls of remove curse
 h - 17 scrolls of recharging
 m - 3 scrolls of holy word
 n - 5 scrolls of blinking
 r - 5 scrolls of magic mapping
 O - a scroll of fear
 S - 3 scrolls of summoning
 T - 8 scrolls of teleportation
 U - 5 scrolls of fog
 Z - 2 scrolls of silence
Potions
 g - 11 potions of curing
 i - 3 potions of cancellation
 s - 10 potions of flight
 u - 4 potions of lignification
 v - a potion of agility
 x - 3 potions of resistance
 y - 103 potions of magic
 C - 7 potions of heal wounds
 L - a potion of cure mutation
 R - a potion of berserk rage
Miscellaneous
 t - a figurine of a ziggurat
Comestibles
 f - 18 bread rations
 M - 5 fruits


   Skills:
 O Level 27 Fighting
 * Level 25.9 Maces & Flails
 O Level 27 Armour
 O Level 27 Dodging
 - Level 4.4 Stealth
 - Level 25.6 Shields
 - Level 1.0 Spellcasting
 - Level 1.3 Summonings
 - Level 5.5 Evocations


You had 7 spell levels left.
You knew the following spells:

 Your Spells              Type           Power        Failure   Level  Hunger
a - Repel Missiles        Chrm/Air       #.....       89%         2    ###....
b - Blink                 Tloc           N/A          89%         2    ###....
c - Conjure Flame         Conj/Fire      #.......     99%         3    ####...
d - Apportation           Tloc           #.........   71%         1    ##.....
e - Summon Small Mammal   Summ           #...         34%         1    ##.....
f - Silence               Hex/Air        #.........   100%        5    ######.
g - Swiftness             Chrm/Air       #.......     89%         2    ###....
h - Infusion              Chrm           #...         71%         1    ##.....
i - Regeneration          Chrm/Necr      #.........   99%         3    ####...
j - Summon Butterflies    Summ           #.......     34%         1    ##.....


Dungeon Overview and Level Annotations

Branches:
Dungeon (15/15)            Temple (0/1) D:5            Lair (6/6) D:10
  Swamp (4/4) Lair:3        Snake (4/4) Lair:4        Slime (5/5) Lair:5
    Orc (2/2) D:9             Elf (3/3) Orc:2        Vaults (5/5) D:14
  Crypt (3/3) Vaults:2       Tomb (3/3) Crypt:3      Depths (5/5) D:15
   Hell (1/1)                 Dis (0/7) Hell            Geh (0/7) Hell
    Coc (0/7) Hell            Tar (7/7) Hell            Zot (0/5) Depths:5

Altars:
Ashenzari
Dithmenos
Elyvilon
Kikubaaqudgha
Nemelex Xobeh
Pakellas
Trog
Uskayaw
Vehumet
Xom
Yredelemnul
Zin
Beogh
Jiyva
Lugonu

Shops:
D:5 }*   Orc:2 ([*(=   Vaults:2 [

Portals:
Hell: Depths:1 Depths:2 Depths:3 Depths:4 Depths:5
Abyss: Depths:1 Depths:2 Depths:3 Depths:4 Depths:5
Pandemonium: Depths:3
Trove: Elf:2 (give +4 shadow dragon armour)

Annotations:
D:2 exclusion: 2 downstairs
Swamp:3 !mara wandering care


Innate Abilities, Weirdness & Mutations

You reflexively headbutt those who attack you in melee.
You have a pair of horns on your head.
You are dopey. (Int -2)
You are very frail. (-20% HP)
You are covered in fur. (AC +1)
Your spells are a little easier to cast, but a little less powerful.


Message History

The iron dragon is engulfed in dark miasma.
The iron dragon is poisoned.
The iron dragon completely misses you. You furiously retaliate!
You headbutt the iron dragon, but do no damage.
The iron dragon closely misses you. The iron dragon tramples you!
* * * LOW HITPOINT WARNING * * *
You hold your ground!
Unknown command.
You are too berserk!
You whack the Serpent of Hell! You headbutt the Serpent of Hell!
The Serpent of Hell is almost dead.
You are engulfed in dark miasma.
You are more poisoned.
You feel your flesh rotting away!
* * * LOW HITPOINT WARNING * * *
* * * LOW HITPOINT WARNING * * *
You feel very sick.
You block the Serpent of Hell's attack. x2
The Serpent of Hell closely misses you.
The Serpent of Hell completely misses you.
You block the Serpent of Hell's attack.
You whack the Serpent of Hell!
You kill the Serpent of Hell!
Pakellas collects the excess magic power.
The iron dragon disappears in a puff of smoke!
You are engulfed in dark miasma.
You are more poisoned.
* * * LOW HITPOINT WARNING * * *
* * * LOW HITPOINT WARNING * * *
You feel very sick.
* * * LOW HITPOINT WARNING * * *
You feel extremely sick.
Unknown command.
You are too berserk!
You are too berserk!
You feel a strong urge to attack something.
You are no longer berserk.
You are exhausted.
You feel as though you will be slow longer.
You die...
Pakellas says: Time to start the next experiment...

*,,**#.......)).###..,,,###*,****
,,**,..########.#.##.,,##D##**,,*
,**,,#*#.......)#|)##,##...##,,,,
,*,,**,..####.###)):#,#..D..#,,,,
**,**,,###....#.[######.§#..#,,,,
*,,*,,##...####..#...#..§#.......
*,**,##..#.#...###.#'#.§.##......
*,*,,#..##+#...#.§.#)##§##*##''''
,,*,##.##......#@#§#.D§.#,*,,.D..
,**,#..#..##.###.#.#....#,*,,,...
,**,#..#..##.')..#.#....#,*,,,,..
,,*,##.##....##.##.#....#,**,,,..
*,*,,#..##..##..#..#.#)##,,*,,,,,
*,**,##..####..##.##.#.#,,,**,,,,
*,,*,,##......##,.*..#.#,,,,**++*
**,**,,###..###,,*#.##.#,,,,,,,,,
,*,,**,,,####,,,**..*..#,,,,,,,,,


There were no monsters in sight!

Vanquished Creatures
  the Royal Jelly (Slime:5)
  the Serpent of Hell (Tar:7)
  5 ancient liches
  A juggernaut (Zig:8)
  Sojobo (Vaults:3)
  15 greater mummies
  Frederick (Vaults:2)
  Margery (Depths:1)
  Saint Roka (Crypt:2)
  Bai Suzhen (Crypt:2)
  Nikola (Vaults:2)
  4 golden dragons
  Geryon (Hell)
  A profane servitor (Zig:11)
  The ghost of asdqwezxcasdasd the Minotaur Blade, an adept MiFi of Okawaru (Slime:3)
  Jory (Crypt:2)
  9 bone dragons
  9 Tzitzimimeh
  7 doom hounds
  The ghost of hourai the Warrior, an adept CeAK of Lugonu (Vaults:2)
  Jorgrun (Vaults:1)
  2 Ice Fiends (Zig:10)
  2 tentacled monstrosities (Vaults:5)
  A hellephant (Zig:6)
  4 liches
  Asterion (Vaults:3)
  2 deep elf master archers (Elf:3)
  2 titans
  17 acid blobs
  2 deep elf blademasters (Elf:3)
  12 sphinxes
  A thorn hunter (Swamp:4)
  5 ancient champions
  14 tengu reavers
  Donald (Swamp:3)
  12 shadow dragons
  5 storm dragons
  A draconian monk (Zig:5)
  Kirke (Snake:2)
  6 revenants
  10 fire giants
  11 azure jellies
  9 deep elf sorcerers
  8 greater nagas
  The ghost of Zellion the Grappler, a journeyman NaTm of Cheibriados (Lair:6)
  2 draconian scorchers (Zig:5)
  2 balrugs
  A draconian zealot (Depths:5)
  Aizul (Swamp:2)
  4 frost giants
  3 orc warlords
  4 deep elf elementalists
  14 vault wardens
  2 draconian knights (Zig:10)
  2 ghost moths
  3 curse skulls
  A caustic shrike zombie (Crypt:1)
  9 ghouls
  Louise (Swamp:4)
  A juggernaut zombie (Crypt:1)
  A draconian annihilator (Zig:5)
  15 ironheart preservers
  17 reapers
  41 very ugly things
  19 stone giants
  3 entropy weavers
  8 war gargoyles
  A draconian caller (Depths:5)
  The ghost of hito the Covert, a journeyman OpAs of Ru (Orc:1)
  2 entropy weavers (shapeshifter)
  2 black draconians (Depths:5)
  10 vampire knights
  2 bennus (Tomb:2)
  15 deep elf annihilators
  A lorocyproca (Depths:1)
  13 deep elf demonologists
  A spark wasp (Zig:9)
  A white draconian (Depths:5)
  A green draconian (Depths:5)
  A purple draconian (Zig:5)
  A red draconian (Depths:5)
  2 dire elephants
  A spark wasp (shapeshifter) (Vaults:2)
  A crystal guardian (D:15)
  18 deep elf death magi
  3 blizzard demons
  6 eidola
  27 mummy priests
  16 ettins
  A fire dragon (shapeshifter) (Vaults:5)
  15 jiangshi
  13 fire dragons
  18 naga warriors
  A quicksilver dragon zombie (Crypt:1)
  19 yaktaur captains
  Josephine (Lair:5)
  21 death oozes
  29 hydras
  A kraken zombie (Hell)
  12 great orbs of eyes
  8 rakshasas
  A great orb of eyes (shapeshifter) (Vaults:5)
  5 deep elf high priests
  9 ice dragons
  38 vault guards
  A hell beast (Depths:3)
  3 spriggan air magi
  A catoblepas (Lair:6)
  18 centaur warriors
  8 alligators
  7 death knights
  2 ghost crabs
  12 anacondas
  5 deep troll shamans
  8 vampire magi
  2 satyrs (Abyss:3)
  26 dancing weapons
  A hell hog (shapeshifter) (Depths:1)
  4 tengu warriors
  16 ogre magi
  19 death yaks
  7 deep troll earth magi
  5 spriggan berserkers
  93 death scarabs
  7 hell hogs (Hell)
  6 small abominations
  A titan zombie (Hell)
  Sonja (Lair:4)
  12 naga sharpshooters
  5 orc high priests
  Nergalle (Lair:3)
  Urug (Orc:2)
  9 spriggans
  4 spectral storm dragons (Crypt:2)
  A shock serpent (Snake:4)
  3 titan skeletons
  6 sun demons (Hell)
  22 soul eaters
  5 iron trolls (Depths:5)
  19 hell knights
  30 deep elf knights
  6 shadow wraiths
  A storm dragon skeleton (Tar:1)
  5 giant orange brains
  2 golden dragon zombies
  65 skeletal warriors
  6 large abominations
  5 anaconda zombies
  10 unseen horrors
  A spatial maelstrom (Zig:2)
  A sea snake (Snake:4)
  13 shadow demons
  10 swamp dragons
  4 spriggan druids
  2 shadow dragon zombies (Tar:1)
  2 naga ritualists (Snake:4)
  10 wizards
  5 shambling mangroves
  18 flayed ghosts
  11 deep trolls
  A tengu zombie (Zig:7)
  An obsidian statue (Depths:1)
  16 deep elf archers
  3 lindwurms (Depths:4)
  5 hill giants
  65 deep elf magi
  Pikel (D:7)
  12 orc knights
  A tengu skeleton (Vaults:2)
  17 necromancers
  20 anubis guards
  2 wolf spider zombies
  27 phantasmal warriors
  2 harpies
  2 orb spiders (Zig:9)
  10 ironbrand convokers
  3 shadow dragon skeletons
  5 mana vipers
  2 spectral fire dragons (Crypt:2)
  10 orc sorcerers
  66 ugly things
  A harpy (shapeshifter) (D:15)
  2 golden dragon skeletons
  7 wolf spiders
  A manticore (D:14)
  A stone giant zombie (Crypt:3)
  2 moths of wrath
  A mana viper (shapeshifter) (Depths:1)
  A fire giant zombie (Hell)
  5 hornets
  An iron dragon zombie (Crypt:1)
  2 stone giant skeletons
  3 worldbinders (Abyss:3)
  8 cyclopes
  2 shining eyes (Slime:2)
  8 griffons
  A sixfirhy (Depths:3)
  A dire elephant zombie (Crypt:1)
  13 elephants
  7 salamanders
  2 shock serpent zombies
  5 guardian serpents
  6 centaur zombies
  11 fire giant skeletons
  2 frost giant zombies
  Maurice (D:10)
  9 human skeletons
  3 rust devils
  18 black mambas
  A titan simulacrum (Crypt:1)
  18 vault sentinels
  12 naga magi
  A smoke demon (Depths:1)
  An eye of devastation (Slime:5)
  2 spiny frogs (shapeshifter)
  6 gargoyles
  2 water nymphs (Abyss:3)
  A catoblepas zombie (Tar:2)
  5 centaur skeletons
  3 torpor snails
  A dire elephant skeleton (Tomb:1)
  12 spiny frogs
  3 spectral swamp worms (Tar:7)
  A redback zombie (D:14)
  6 hellions
  2 rime drakes (Lair:6)
  A death yak zombie (Crypt:1)
  43 yaktaurs
  A kobold demonologist (D:15)
  7 ice devils
  A komodo dragon (shapeshifter) (D:15)
  6 komodo dragons
  A spark wasp simulacrum (Zig:10)
  An efreet (D:15)
  11 tormentors
  16 freezing wraiths
  A yaktaur skeleton (Vaults:2)
  2 hellwings (Depths:1)
  34 guardian mummies
  An anaconda simulacrum (Hell)
  3 red devils
  A meliai (shapeshifter) (Depths:5)
  A meliai (D:15)
  2 demonic crawlers (Zig:9)
  15 trolls
  A troll (shapeshifter) (Depths:5)
  4 tengu conjurers
  A spriggan skeleton (Depths:3)
  A jumping spider (shapeshifter) (Vaults:4)
  2 polar bears (Lair:6)
  2 wind drakes (shapeshifter)
  4 silent spectres
  5 hydra zombies
  22 two-headed ogres
  Prince Ribbit (D:7)
  3 jumping spiders (Zig:9)
  2 hydra skeletons
  2 tengu simulacra
  2 boulder beetles
  3 ushabtiu
  4 ice dragon zombies
  4 giant leeches
  A snapping turtle (shapeshifter) (Depths:4)
  9 bog bodies
  A fire giant simulacrum (Zig:10)
  A frost giant simulacrum (Zig:10)
  A harpy skeleton (Crypt:1)
  19 blink frogs
  An alligator zombie (Tar:3)
  2 ettin zombies
  66 slime creatures
  3 fire dragon zombies
  11 air elementals
  A meliai zombie (D:13)
  12 water elementals
  A spriggan (shapeshifter) (Vaults:1)
  An ice dragon skeleton (Crypt:1)
  A tarantella (Zig:9)
  A centaur simulacrum (D:15)
  A redback (shapeshifter) (Depths:2)
  7 redbacks
  15 shadows
  13 fire dragon skeletons
  62 flying skulls
  19 wraiths
  An ettin skeleton (Tomb:1)
  43 yaks
  A basilisk (shapeshifter) (D:15)
  7 vampires
  2 ynoxinuls
  4 hogs (Snake:2)
  6 hungry ghosts
  14 fire elementals
  A hog (shapeshifter) (Depths:2)
  5 humans
  13 vampire mosquitoes
  2 wyverns
  15 hippogriffs
  9 golden eyes (Slime:5)
  2 basilisks
  A golden eye (shapeshifter) (Vaults:5)
  4 chaos spawn
  Grum (D:8)
  A steam dragon (D:10)
  3 neqoxecs
  A catoblepas simulacrum (Tomb:3)
  A monstrous demonspawn zombie (Crypt:2)
  A human simulacrum (Vaults:2)
  55 nagas
  An infernal demonspawn zombie (Crypt:2)
  5 mottled dragons
  18 swamp worms
  8 wargs
  12 insubstantial wisps
  3 spiny frog zombies
  4 hell hounds (Tar:1)
  11 water moccasins
  A hell hound (shapeshifter) (D:12)
  5 porcupines
  A merfolk zombie (Hell)
  5 ice beasts
  2 spiny frog skeletons
  50 orc warriors
  3 sky beasts
  4 slaves (D:7)
  10 swamp drakes
  A black bear (shapeshifter) (Depths:2)
  2 eyes of draining (shapeshifter)
  5 eyes of draining
  3 phantoms
  3 snapping turtle zombies
  3 black bears
  A manticore zombie (Hell)
  14 wasps
  13 necrophages
  A swamp dragon zombie (Hell)
  14 wolves
  An ogre (shapeshifter) (Vaults:3)
  3 hog zombies
  51 ogres
  The ghost of cdice the Chopper, an amateur DrWn (D:3)
  14 boggarts
  23 centaurs
  10 crocodiles
  A snapping turtle skeleton (Tar:1)
  An elf zombie (Crypt:3)
  2 big kobolds
  A swamp dragon skeleton (Crypt:2)
  9 earth elementals
  19 giant frogs
  2 glowing shapeshifter simulacra (Zig:10)
  A spiny frog simulacrum (Hell)
  A wyvern skeleton (D:6)
  4 scorpions
  15 killer bees
  33 wights
  8 howler monkeys
  4 starcursed masses (Zig:2)
  12 crimson imps
  4 giant frog zombies
  3 quasits
  A yaktaur simulacrum (Vaults:1)
  5 giant frog skeletons
  8 hounds
  A human zombie (Tar:7)
  4 jellies
  A demonspawn zombie (Crypt:2)
  20 orc priests
  29 orc wizards
  6 iguanas
  6 iron imps
  5 hell rats (Lair:6)
  7 worker ants
  A lightning spire (Zig:9)
  A porcupine skeleton (Crypt:2)
  10 sheep
  An ogre skeleton (Crypt:3)
  2 hound zombies
  A naga skeleton (Crypt:2)
  A hound skeleton (D:3)
  48 mummies
  Robin (D:3)
  7 gnolls
  A howler monkey skeleton (D:7)
  9 adders
  46 river rats
  12 shadow imps
  A white imp (Depths:3)
  2 ufetubi
  5 oozes
  A lava snake zombie (Crypt:1)
  An adder skeleton (D:4)
  7 worms
  9 giant geckos
  106 orcs
  13 bats
  5 giant cockroaches
  A giant cockroach (shapeshifter) (Vaults:5)
  15 goblins
  5 hobgoblins
  2 jackals (D:10)
  15 kobolds
  5 quokkas
  A ball python (D:5)
  A giant cockroach zombie (D:5)
  A giant gecko skeleton (D:6)
  A giant gecko zombie (Crypt:2)
  2 giant newts
  A kobold zombie (Crypt:1)
  An orc skeleton (Crypt:3)
  An orc zombie (Crypt:1)
  6 rats
  A rat skeleton (Crypt:2)
  A crawling corpse (Elf:3)
  3 tentacles (Hell)
3212 creatures vanquished.

Vanquished Creatures (collateral kills)
  A sun demon (Hell)
  A red devil (Hell)
2 creatures vanquished.

Vanquished Creatures (others)
  A lich (Tomb:2)
  An eldritch tentacle (Tar:5)
  A frost giant (Depths:3)
  A vault warden (Vaults:2)
  An ironheart preserver (Vaults:2)
  3 yaktaur captains
  3 centaur warriors
  15 death scarabs
  A shadow wraith (Vaults:4)
  2 storm dragon skeletons
  An anaconda zombie (Tomb:2)
  3 deep elf archers
  3 deep elf magi
  2 necromancers (Depths:1)
  A shock serpent skeleton (Tomb:2)
  A demonic crawler (Zig:9)
  12 yaktaurs
  An ettin zombie (Tomb:2)
  A two-headed ogre (Vaults:2)
  An ushabti (Tomb:2)
  2 ice dragon zombies (Tomb:2)
  10 flying skulls
  A wraith (Zig:7)
  2 vampire mosquitoes (Swamp:2)
  A harpy simulacrum (Hell)
  A porcupine (Lair:4)
  A swamp drake (Swamp:3)
  An ogre (D:15)
  2 orc warriors (Orc:2)
  4 centaurs
  A boggart (Vaults:2)
  A wight (Tar:5)
  7 mummies
  An orc (D:15)
  3 bushes
  72 eldritch tentacle segments (Tar:5)
  12 fungi
  16 plants
  A tentacle (Hell)
  61 tentacle segments (Hell)
  2 withered plants
257 creatures vanquished.

Grand Total: 3471 creatures vanquished

Notes
Turn   | Place    | Note
-------+----------+-------------------------------------------
     0 | D:1      | Implojin the Minotaur Wanderer began the quest for the Orb.
     0 | D:1      | Implojin set off with: a book of Minor Magic, the Handbook of Unholy Arts, a +0 mace, a +0 robe, a bread ration
     0 | D:1      | Reached XP level 1. HP: 16/16 MP: 1/1
   310 | D:1      | Reached skill level 3 in Maces & Flails
   395 | D:1      | Reached XP level 2. HP: 20/23 MP: 2/2
   896 | D:2      | Reached skill level 4 in Maces & Flails
   968 | D:2      | Reached XP level 3. HP: 28/28 MP: 3/3
  1553 | D:2      | Reached skill level 5 in Maces & Flails
  1785 | D:2      | Found an oddly glowing altar of Pakellas.
  1832 | D:2      | Reached XP level 4. HP: 34/35 MP: 4/4
  2182 | D:3      | Noticed a sky beast
  2346 | D:3      | Reached skill level 6 in Maces & Flails
  2480 | D:3      | Noticed Robin
  2482 | D:3      | Noticed cdice's ghost (amateur DrWn)
  2649 | D:3      | Killed Robin
  2649 | D:3      | Reached XP level 5. HP: 35/40 MP: 5/5
  3519 | D:3      | Reached skill level 7 in Maces & Flails
  3574 | D:3      | Killed cdice's ghost
  3574 | D:3      | Reached XP level 6. HP: 45/47 MP: 6/6
  4037 | D:4      | Reached skill level 8 in Maces & Flails
  4191 | D:4      | Found a bloodstained altar of Trog.
  4270 | D:3      | Found a white marble altar of Elyvilon.
  4270 | D:3      | Found a sparkling altar of Nemelex Xobeh.
  4328 | D:2      | Became a worshipper of Pakellas the Inventive
  4934 | D:5      | Entered Level 5 of the Dungeon
  4947 | D:4      | Reached skill level 9 in Maces & Flails
  5151 | D:5      | Noticed an ice beast
  5157 | D:5      | Killed an ice beast
  5157 | D:5      | Reached XP level 7. HP: 52/52 MP: 7/7
  5513 | D:6      | Found a shattered altar of Ashenzari.
  5569 | D:6      | Reached skill level 10 in Maces & Flails
  5575 | D:6      | Reached skill level 2 in Fighting
  5718 | D:6      | Reached skill level 3 in Fighting
  5834 | D:6      | Reached skill level 4 in Fighting
  6127 | D:6      | Reached skill level 5 in Fighting
  6127 | D:6      | Reached XP level 8. HP: 68/68 MP: 8/8
  6237 | D:6      | Reached skill level 6 in Fighting
  6319 | D:5      | Reached skill level 7 in Fighting
  6324 | D:5      | Reached * piety under Pakellas
  6324 | D:5      | Received a gift from Pakellas
  6469 | D:5      | Found Zin's Purification Station.
  6474 | D:5      | Found a glowing silver altar of Zin.
  6529 | D:5      | Found Gesachel's Gadget Emporium.
  6728 | D:5      | Found a staircase to the Ecumenical Temple.
  6817 | D:6      | Learned a level 2 spell: Repel Missiles
  6820 | D:6      | Learned a level 2 spell: Blink
  6827 | D:6      | Learned a level 3 spell: Conjure Flame
  6895 | D:7      | Found a bloodstained altar of Trog.
  6899 | D:7      | Reached skill level 8 in Fighting
  6956 | D:7      | Reached skill level 1 in Dodging
  7008 | D:7      | Reached skill level 2 in Dodging
  7269 | D:7      | Reached skill level 3 in Dodging
  7378 | D:7      | Noticed Pikel
  7413 | D:7      | Killed Pikel
  7413 | D:7      | Reached skill level 5 in Dodging
  7413 | D:7      | Reached XP level 9. HP: 63/81 MP: 9/9
  7589 | D:7      | Reached skill level 6 in Dodging
  7890 | D:7      | Noticed Prince Ribbit
  7893 | D:7      | Killed Prince Ribbit
  7893 | D:7      | Reached skill level 7 in Dodging
  8220 | D:8      | Reached skill level 8 in Dodging
  8340 | D:8      | Reached ** piety under Pakellas
  8340 | D:8      | Received a gift from Pakellas
  8547 | D:8      | Noticed Grum
  8562 | D:8      | Killed Grum
  8567 | D:8      | Reached skill level 9 in Dodging
  8730 | D:8      | Reached skill level 10 in Dodging
  8835 | D:8      | Found a hide-covered altar of Uskayaw.
  8835 | D:8      | Found a basalt altar of Yredelemnul.
  8836 | D:8      | Found a shadowy altar of Dithmenos.
  9197 | D:8      | Reached *** piety under Pakellas
  9197 | D:8      | Received a gift from Pakellas
  9350 | D:9      | Reached XP level 10. HP: 88/88 MP: 10/10
  9539 | D:9      | Reached skill level 11 in Dodging
  9913 | D:9      | Found a staircase to the Orcish Mines.
 10056 | D:9      | Reached **** piety under Pakellas
 10056 | D:9      | Received a gift from Pakellas
 10400 | D:10     | Entered Level 10 of the Dungeon
 10473 | D:10     | Noticed Maurice
 10485 | D:10     | Killed Maurice
 10485 | D:10     | Reached skill level 12 in Dodging
 10516 | D:10     | Noticed an elephant
 10525 | D:10     | Killed an elephant
 10525 | D:10     | Reached skill level 4 in Armour
 10544 | D:10     | Found a staircase to the Lair.
 10657 | D:10     | Reached skill level 5 in Armour
 10669 | D:10     | Reached skill level 6 in Armour
 10956 | D:10     | Found a roughly hewn altar of Beogh.
 10966 | D:10     | Reached skill level 7 in Armour
 10970 | D:10     | Reached ***** piety under Pakellas
 10970 | D:10     | Received a gift from Pakellas
 10976 | D:10     | Identified a +8 rod of ignition (11/11) (Pakellas gifted it to you on level 10 of the Dungeon)
 11448 | D:11     | Reached skill level 8 in Armour
 11504 | D:11     | Reached XP level 11. HP: 85/94 MP: 11/11
 11614 | D:11     | Reached skill level 9 in Armour
 12350 | D:11     | Reached skill level 10 in Armour
 12867 | D:12     | Reached skill level 11 in Armour
 13041 | D:12     | Noticed a deep elf mage
 13053 | D:12     | Killed a deep elf mage
 13287 | D:13     | Reached skill level 12 in Armour
 13380 | D:13     | Killed an unseen horror
 13380 | D:13     | Reached skill level 2 in Evocations
 13735 | D:13     | Reached ****** piety under Pakellas
 13742 | D:13     | Reached skill level 3 in Evocations
 13911 | D:13     | Noticed a centaur warrior
 13924 | D:13     | Killed a centaur warrior
 13924 | D:13     | Reached skill level 4 in Evocations
 14103 | D:13     | Killed an unseen horror
 14103 | D:13     | Reached skill level 5 in Evocations
 14205 | D:13     | Noticed a death knight
 14661 | D:13     | Reached skill level 2 in Shields
 14695 | D:13     | Killed a death knight
 14695 | D:13     | Reached skill level 3 in Shields
 14695 | D:13     | Reached XP level 12. HP: 96/101 MP: 7/15
 14771 | D:13     | Reached skill level 4 in Shields
 14812 | D:13     | Reached skill level 5 in Shields
 15412 | D:14     | Reached skill level 6 in Shields
 15770 | D:14     | Reached skill level 7 in Shields
 16049 | D:14     | Found a shadowy altar of Dithmenos.
 16064 | D:14     | Reached skill level 8 in Shields
 16228 | D:14     | Found a gate to the Vaults.
 16228 | D:14     | Noticed a vault guard
 16228 | D:14     | Noticed a vault guard
 16228 | D:14     | Noticed a vault guard
 16254 | D:14     | Killed a vault guard
 16254 | D:14     | Reached skill level 9 in Shields
 16266 | D:14     | Killed a vault guard
 16267 | D:14     | Noticed a vault guard
 16332 | D:13     | Killed a vault guard
 16332 | D:13     | Reached skill level 10 in Shields
 16534 | D:14     | Killed a vault guard
 16700 | D:14     | Reached skill level 11 in Shields
 16761 | D:14     | Noticed a centaur warrior
 16854 | D:13     | Noticed a centaur warrior
 16867 | D:13     | Killed a centaur warrior
 17114 | D:14     | Killed a centaur warrior
 17243 | D:14     | Reached skill level 12 in Shields
 18281 | D:15     | Entered Level 15 of the Dungeon
 18412 | D:15     | Noticed a centaur warrior
 18426 | D:15     | Killed a centaur warrior
 18426 | D:15     | Reached XP level 13. HP: 77/107 MP: 10/16
 18638 | D:15     | Reached skill level 13 in Shields
 19294 | D:15     | Reached skill level 14 in Shields
 20072 | D:15     | Found a staircase to the Depths.
 20216 | Lair:1   | Entered Level 1 of the Lair of Beasts
 20292 | Lair:1   | Gained mutation: You are partially covered in icy blue scales. (AC +1) [potion of mutation]
 20292 | Lair:1   | Gained mutation: You are covered in fur. (AC +1) [potion of mutation]
 20292 | Lair:1   | Gained mutation: You have very sharp teeth. [potion of mutation]
 20369 | Lair:1   | Reached skill level 15 in Shields
 22012 | Lair:3   | Reached skill level 9 in Fighting
 22255 | Lair:3   | Found a staircase to the Swamp.
 22544 | Lair:3   | Reached skill level 10 in Fighting
 22545 | Lair:3   | Noticed Nergalle
 22592 | Lair:3   | Killed Nergalle
 23197 | Lair:4   | Reached skill level 11 in Fighting
 23426 | Lair:4   | Noticed Sonja
 23432 | Lair:4   | Killed Sonja
 23735 | Lair:4   | Reached skill level 12 in Fighting
 23877 | Lair:4   | Reached XP level 14. HP: 125/126 MP: 17/17
 24046 | Lair:4   | Found a staircase to the Snake Pit.
 24145 | Lair:4   | Reached skill level 11 in Maces & Flails
 24709 | Lair:5   | Noticed Josephine
 24731 | Lair:5   | Killed Josephine
 24758 | Lair:5   | Found a sparkling altar of Nemelex Xobeh.
 24846 | Lair:5   | Found a staircase to the Slime Pits.
 25089 | Lair:5   | Reached skill level 12 in Maces & Flails
 25323 | Lair:6   | Entered Level 6 of the Lair of Beasts
 25389 | Lair:6   | Noticed Zellion's ghost (journeyman NaTm)
 25438 | Lair:6   | Killed Zellion's ghost
 25517 | Lair:6   | Reached skill level 13 in Maces & Flails
 25807 | Lair:6   | Reached skill level 14 in Maces & Flails
 26401 | Lair:6   | Reached skill level 15 in Maces & Flails
 26717 | Lair:6   | Learned a level 1 spell: Apportation
 26719 | Lair:6   | Learned a level 1 spell: Summon Small Mammal
 26943 | Lair:6   | Reached skill level 16 in Maces & Flails
 26957 | Lair:6   | Reached XP level 15. HP: 92/132 MP: 18/18
 27409 | Orc:1    | Entered Level 1 of the Orcish Mines
 27663 | Orc:2    | Entered Level 2 of the Orcish Mines
 27679 | Orc:2    | Reached skill level 13 in Fighting
 27967 | Orc:2    | Found Fyorhaum's Weapon Boutique.
 28095 | Orc:2    | Noticed an orc warlord
 28147 | Orc:1    | Killed an orc warlord
 28375 | Orc:2    | Noticed Urug
 28396 | Orc:2    | Killed Urug
 28576 | Orc:2    | Reached skill level 14 in Fighting
 28632 | Orc:2    | Found a roughly hewn altar of Beogh.
 28638 | Orc:2    | Found Sisma's Antique Armour Shop.
 28642 | Orc:2    | Found Huijov's General Store.
 28644 | Orc:2    | Found Iqell's Jewellery Shop.
 28686 | Orc:2    | Found Disoim's Antique Weapon Shop.
 28697 | Orc:2    | Found a staircase to the Elven Halls.
 29160 | Orc:1    | Noticed hito's ghost (journeyman OpAs)
 29169 | Orc:1    | Killed hito's ghost
 29345 | Orc:1    | You fall through a shaft!
 29451 | Orc:2    | Bought an encrusted fire dragon armour for 1820 gold pieces
 29451 | Orc:2    | Bought a pair of embroidered boots for 126 gold pieces
 29471 | Orc:2    | Identified a +2 pair of boots of running (You bought it in a shop on level 2 of the Orcish Mines)
 29483 | Orc:2    | Identified the cursed +0 fire dragon armour of Shielding {rF++ rC- Regen+ Str-2 Dex+3} (You bought it in a shop on level 2 of the Orcish Mines)
 29676 | Elf:1    | Entered Level 1 of the Elven Halls
 29955 | Elf:1    | Reached skill level 13 in Dodging
 30389 | Elf:1    | Got an ebony whip
 30409 | Elf:1    | Reached skill level 14 in Dodging
 30457 | Elf:1    | Identified the +11 whip "Qyehiud" {venom, rC+ Dex+4 Stlth+} (You found it on level 1 of the Elven Halls)
 30609 | Elf:1    | Noticed a deep elf sorcerer
 30622 | Elf:1    | Killed a deep elf sorcerer
 31366 | Elf:2    | Reached skill level 15 in Dodging
 31536 | Elf:2    | Found a portal to a secret trove of treasure.
 31671 | Elf:2    | Noticed a Tzitzimitl
 31943 | Elf:2    | Reached XP level 16. HP: 146/146 MP: 3/19
 32170 | Elf:2    | Found a runed gate.
 32172 | Elf:2    | Found a runed gate.
 32172 | Elf:2    | Found a runed gate.
 32478 | Elf:2    | Reached skill level 16 in Dodging
 32536 | Elf:2    | Noticed a deep elf blademaster
 33400 | Swamp:1  | Entered Level 1 of the Swamp
 34305 | Swamp:2  | Reached skill level 17 in Dodging
 34556 | Swamp:2  | Noticed Aizul
 34573 | Swamp:2  | Killed Aizul
 35563 | Swamp:3  | Noticed Donald
 35578 | Swamp:3  | Killed Donald
 35578 | Swamp:3  | Reached skill level 13 in Armour
 36292 | Swamp:3  | Reached skill level 14 in Armour
 36332 | Swamp:3  | Noticed Mara
 36353 | Swamp:4  | Entered Level 4 of the Swamp
 36357 | Swamp:4  | Noticed Louise
 36429 | Swamp:4  | Killed Louise
 36644 | Swamp:4  | Reached skill level 15 in Armour
 36675 | Swamp:4  | Reached XP level 17. HP: 88/152 MP: 18/20
 37510 | Swamp:4  | Reached skill level 16 in Armour
 37686 | Swamp:4  | Got a decaying rune of Zot
 38089 | Snake:1  | Entered Level 1 of the Snake Pit
 38649 | Snake:1  | Identified the Incunabulum of Spatial Contamination (You found it on level 1 of the Snake Pit)
 39038 | Snake:2  | Noticed Kirke
 39194 | Snake:2  | Killed Kirke
 39194 | Snake:2  | Reached skill level 17 in Armour
 40508 | Snake:3  | Reached skill level 15 in Fighting
 41100 | Snake:4  | Entered Level 4 of the Snake Pit
 41263 | Snake:4  | Reached skill level 16 in Fighting
 42204 | Snake:4  | Reached skill level 17 in Fighting
 42303 | Snake:4  | Reached XP level 18. HP: 169/169 MP: 21/21
 42982 | Snake:4  | Reached skill level 17 in Maces & Flails
 43255 | Snake:4  | Got a serpentine rune of Zot
 43488 | Snake:4  | Reached skill level 18 in Dodging
 44731 | Elf:2    | Reached skill level 19 in Dodging
 44918 | Elf:3    | Entered Level 3 of the Elven Halls
 45396 | Elf:3    | Noticed a Hell Sentinel
 46101 | Elf:3    | Reached skill level 20 in Dodging
 46135 | Elf:3    | Noticed a Brimstone Fiend
 46473 | Elf:3    | Noticed a Hell Sentinel
 46479 | Elf:3    | Reached XP level 19. HP: 133/177 MP: 20/22
 47852 | Elf:3    | Reached skill level 16 in Shields
 48137 | Elf:3    | Cast into level 2 of the Abyss (a deep elf sorcerer)
 48137 | Abyss:2  | Found a corrupted altar of Lugonu.
 48143 | Elf:3    | Escaped the Abyss
 48344 | Elf:3    | Got a steaming ruby amulet
 48345 | Elf:3    | Identified the amulet of Cysul {Gourm *Confuse rN+ Str+6} (You found it on level 3 of the Elven Halls)
 48356 | Elf:3    | Got an opalescent robe
 48357 | Elf:3    | Identified the +2 robe of the Evening {rElec} (You found it on level 3 of the Elven Halls)
 48366 | Elf:3    | Got an encrusted chain mail
 48399 | Elf:3    | Identified the +8 chain mail of Eternal Vigilance {Dex+2} (You took it off an orc on level 3 of the Elven Halls)
 48639 | Elf:3    | Learned a level 5 spell: Silence
 48674 | Elf:3    | Identified the Handbook of Earthen Translocation
 48683 | Elf:3    | Identified Sif Muna's Reference Book on Glacial Flight
 48692 | Elf:3    | Identified the Handbook of Flames and Conjuration
 48918 | Orc:2    | Bought the ring of Fivoukh {*Contam rC++ rN++ Dex+5} for 1270 gold pieces
 48978 | Orc:2    | Reached skill level 17 in Shields
 49292 | Vaults:1 | Entered Level 1 of the Vaults
 49783 | Vaults:1 | Learned a level 2 spell: Swiftness
 50146 | Vaults:1 | Noticed Jorgrun
 50156 | Vaults:1 | Reached skill level 18 in Shields
 50335 | Vaults:1 | Killed Jorgrun
 51083 | Vaults:2 | Reached skill level 19 in Shields
 51121 | Vaults:2 | Found a staircase to the Crypt.
 51236 | Vaults:2 | Noticed hourai's ghost (adept CeAK)
 51336 | Vaults:2 | Killed hourai's ghost
 51336 | Vaults:2 | Reached XP level 20. HP: 139/184 MP: 23/23
 51478 | Vaults:2 | Noticed Nikola
 51569 | Vaults:2 | Killed Nikola
 51695 | Vaults:2 | Reached skill level 20 in Shields
 51834 | Vaults:2 | Found Quufaikia's Antique Armour Shoppe.
 52455 | Vaults:2 | Noticed Frederick
 52473 | Vaults:2 | Killed Frederick
 52563 | Vaults:2 | Reached skill level 21 in Shields
 53457 | Vaults:3 | Noticed Asterion
 53677 | Vaults:3 | Learned a level 1 spell: Infusion
 53681 | Vaults:3 | Learned a level 3 spell: Regeneration
 53719 | Vaults:3 | Killed Asterion
 53849 | Vaults:3 | Reached skill level 22 in Shields
 53959 | Vaults:3 | Noticed Sojobo
 54454 | Vaults:3 | Reached skill level 21 in Dodging
 54486 | Vaults:3 | Found a radiant altar of Vehumet.
 54636 | Vaults:3 | Got an ancient hat
 54662 | Vaults:3 | Identified the +1 hat "Semaesos" {MR+} (You found it on level 3 of the Vaults)
 54690 | Vaults:3 | Got a colourful robe
 54691 | Vaults:3 | Identified the cursed +0 robe "Lezoniv" {rElec Dex+3 Slay+3} (You found it on level 3 of the Vaults)
 54721 | Vaults:3 | Got a bloodstained hat
 54732 | Vaults:3 | Identified the -4 hat "Sanom" {Int+2} (You found it on level 3 of the Vaults)
 54739 | Vaults:3 | Got a shadowed robe
 54740 | Vaults:3 | Identified the +2 robe "Humnarev" {Str+4} (You found it on level 3 of the Vaults)
 55016 | Vaults:3 | Killed Sojobo
 55016 | Vaults:3 | Reached XP level 21. HP: 189/191 MP: 24/24
 55422 | Vaults:4 | Reached skill level 22 in Dodging
 55772 | Vaults:4 | Reached skill level 18 in Fighting
 56166 | Vaults:4 | Reached skill level 19 in Fighting
 57489 | Crypt:1  | Entered Level 1 of the Crypt
 57520 | Crypt:1  | Reached skill level 20 in Fighting
 57906 | Crypt:1  | Reached XP level 22. HP: 211/211 MP: 25/25
 57995 | Crypt:1  | Identified a scroll of acquirement
 58566 | Crypt:1  | Reached skill level 21 in Fighting
 58682 | Crypt:2  | Noticed Saint Roka
 58711 | Crypt:2  | Killed Saint Roka
 59244 | Crypt:2  | Reached skill level 22 in Fighting
 59669 | Crypt:2  | Reached skill level 18 in Maces & Flails
 59889 | Crypt:2  | Noticed Bai Suzhen
 59914 | Crypt:2  | Killed Bai Suzhen
 60148 | Crypt:3  | Entered Level 3 of the Crypt
 60148 | Crypt:3  | Noticed Jory
 60170 | Crypt:2  | Killed Jory
 60785 | Crypt:3  | Reached skill level 19 in Maces & Flails
 60952 | Crypt:3  | Got a faintly humming chain mail
 60953 | Crypt:3  | Identified the +6 chain mail of Midnight {MP+9 Str+3} (You found it on level 3 of the Crypt)
 61323 | Crypt:3  | Found a staircase to the Tomb.
 61364 | Crypt:3  | Got an ichor-stained plate armour
 61428 | Crypt:3  | Identified the +8 plate armour "Semnew" {rPois Int+3} (You found it on level 3 of the Crypt)
 61638 | Crypt:3  | Reached skill level 20 in Maces & Flails
 61691 | Crypt:3  | Reached XP level 23. HP: 223/223 MP: 26/26
 62004 | Crypt:3  | Got a shimmering bone ring
 62006 | Crypt:3  | Identified the ring "Zoan" {rElec rN+ Str+3 SInv} (You took it off a mummy priest on level 3 of the Crypt)
 62082 | Crypt:3  | Found an ancient bone altar of Kikubaaqudgha.
 62084 | Crypt:3  | Noticed an ancient lich
 62111 | Crypt:3  | Killed an ancient lich
 62175 | Crypt:3  | Noticed an ancient lich
 62200 | Crypt:3  | Killed an ancient lich
 62317 | Crypt:3  | Got a scintillating steel ring
 62324 | Crypt:3  | Identified the ring of Surprise {+Blink rElec rF+ rN+} (You took it off a deep elf death mage on level 3 of the Crypt)
 62873 | D:15     | Found a glowing silver altar of Zin.
 62873 | D:15     | Found a shadowy altar of Dithmenos.
 62875 | D:15     | Found a shimmering altar of Xom.
 62976 | D:15     | Reached skill level 21 in Maces & Flails
 62997 | D:15     | Got a flickering gossamer ring
 63000 | D:15     | Identified the ring of Kasy {+Fly rPois Dex+6 Stlth+} (You took it off a crimson imp on level 15 of the Dungeon)
 63319 | D:15     | Got a shimmering scale mail
 63473 | D:15     | Identified the +4 scale mail "Uppuhah" {Str+6} (You found it on level 15 of the Dungeon)
 63510 | D:15     | Identified the Disquisition on Stones and Attacks (You found it on level 15 of the Dungeon)
 63697 | Depths:1 | Entered Level 1 of the Depths
 63883 | Depths:1 | Reached skill level 22 in Maces & Flails
 63893 | Depths:1 | Gained mutation: You are dopey. (Int -2) [a neqoxec]
 63894 | Depths:1 | Gained mutation: You are clumsy. (Dex -2) [a neqoxec]
 63969 | Depths:1 | Lost mutation: You are dopey. (Int -2) [potion of cure mutation]
 63969 | Depths:1 | Lost mutation: You are clumsy. (Dex -2) [potion of cure mutation]
 63969 | Depths:1 | Lost mutation: You have very sharp teeth. [potion of cure mutation]
 63969 | Depths:1 | Lost mutation: You are partially covered in icy blue scales. (AC +1) [potion of cure mutation]
 64160 | Depths:1 | Found a gateway to Hell.
 64218 | Depths:1 | Found a gateway to a ziggurat.
 64222 | Depths:1 | Noticed Margery
 64255 | Depths:1 | Killed Margery
 64357 | Depths:1 | Reached skill level 18 in Armour
 65054 | Depths:1 | Found a one-way gate to the infinite horrors of the Abyss.
 65349 | Depths:2 | Reached skill level 19 in Armour
 65981 | Depths:2 | Got a wavering glass ring
 65985 | Depths:2 | Identified the ring of Wix Popt {rN++ Str+4 Dex+3} (You found it on level 2 of the Depths)
 66083 | Depths:2 | Noticed a greater mummy
 66510 | Depths:2 | Killed a greater mummy
 66581 | Depths:2 | Noticed a greater mummy
 66640 | Depths:2 | Killed a greater mummy
 66640 | Depths:2 | Reached XP level 24. HP: 107/231 MP: 4/26
 66797 | Depths:2 | Reached skill level 20 in Armour
 66869 | Depths:2 | Noticed a greater mummy
 66894 | Depths:2 | Killed a greater mummy
 67231 | Depths:3 | Reached skill level 21 in Armour
 67255 | Depths:3 | Reached skill level 4 in Stealth
 67255 | Depths:3 | Reached XP level 25. HP: 198/235 MP: 26/26
 67363 | Depths:3 | Learned a level 1 spell: Summon Butterflies
 67904 | Depths:3 | Found a one-way gate leading to the halls of Pandemonium.
 68024 | Depths:3 | Reached skill level 22 in Armour
 68790 | Depths:4 | Reached skill level 23 in Fighting
 69221 | Depths:4 | Found a corrupted altar of Lugonu.
 69390 | Depths:5 | Entered Level 5 of the Depths
 69509 | Depths:5 | Found a flickering gateway to a bazaar.
 69537 | Bazaar   | Entered a bazaar
 69537 | Bazaar   | Found Wakizephi's General Store.
 69537 | Bazaar   | Found Zuohos's Antique Weapon Shop.
 69549 | Bazaar   | Found Yhuwimp's Antique Armour Shop.
 69607 | Bazaar   | Bought a glowing hat for 112 gold pieces
 69607 | Bazaar   | Bought a faintly humming buckler for 266 gold pieces
 69607 | Bazaar   | Bought a runed hat for 112 gold pieces
 69607 | Bazaar   | Bought a pair of embroidered boots for 126 gold pieces
 69607 | Bazaar   | Bought a runed cloak for 126 gold pieces
 69607 | Bazaar   | Bought a shimmering plate armour for 784 gold pieces
 69622 | Bazaar   | Bought a scroll of identify for 28 gold pieces
 69622 | Bazaar   | Bought a scroll of identify for 28 gold pieces
 69622 | Bazaar   | Bought a potion of curing for 42 gold pieces
 69622 | Bazaar   | Bought a potion of flight for 42 gold pieces
 69622 | Bazaar   | Bought a potion of might for 56 gold pieces
 69622 | Bazaar   | Bought 2 potions of resistance for 280 gold pieces
 69686 | Bazaar   | Identified the cursed +0 buckler of Sadas {Slay+2} (You bought it in a shop in a bazaar)
 69706 | Bazaar   | Identified the cursed +1 plate armour of the Pits of Slime {*Confuse rPois Int+4 SInv} (You bought it in a shop in a bazaar)
 70041 | Depths:5 | Got a transparent ring mail
 70042 | Depths:5 | Identified the +2 ring mail of the Ego {MR+} (You found it on level 5 of the Depths)
 70440 | Depths:5 | Reached skill level 24 in Fighting
 70490 | Depths:5 | Found a gate to the Realm of Zot.
 70533 | Depths:5 | Reached XP level 26. HP: 254/254 MP: 26/26
 71055 | Slime:1  | Entered Level 1 of the Pits of Slime
 71316 | Slime:2  | Gained mutation: Your spells are a little easier to cast, but a little less powerful. [a shining eye]
 71319 | Slime:2  | Gained mutation: You are dopey. (Int -2) [a shining eye]
 71321 | Slime:2  | Gained mutation: You are frail. (-10% HP) [a shining eye]
 71399 | Slime:3  | Noticed asdqwezxcasdasd's ghost (adept MiFi)
 71423 | Slime:3  | Killed asdqwezxcasdasd's ghost
 71426 | Slime:3  | Reached skill level 25 in Fighting
 71562 | Slime:5  | Entered Level 5 of the Pits of Slime
 71895 | Slime:5  | Noticed the Royal Jelly
 71929 | Slime:5  | Found a viscous altar of Jiyva.
 71941 | Slime:5  | Reached skill level 23 in Maces & Flails
 72029 | Slime:5  | Killed the Royal Jelly
 72185 | Slime:5  | Got a slimy rune of Zot
 72207 | Slime:5  | Got a heavily runed ring mail
 72208 | Slime:5  | Identified the +3 ring mail "Zitweaq" {Str+3} (You found it on level 5 of the Pits of Slime)
 72212 | Slime:5  | Got a fine chain mail
 72213 | Slime:5  | Identified the +3 chain mail of Entitlement {*Confuse Str+4 Dex+6} (You found it on level 5 of the Pits of Slime)
 72219 | Slime:5  | Got a dazzling whip
 72237 | Slime:5  | Identified the cursed +3 whip "Zunnes" {venom, rPois Stlth+} (You found it on level 5 of the Pits of Slime)
 72295 | Slime:5  | Got a warped amber ring
 72297 | Slime:5  | Got a vibrating platinum ring
 72307 | Slime:5  | Identified the ring "Caduc" {+Fly rF- MR+ Int-3 Stlth+} (You found it on level 5 of the Pits of Slime)
 72308 | Slime:5  | Identified the ring "Ewkiogow" {*Confuse rElec rF+ rC++ Str+4 Stlth+} (You found it on level 5 of the Pits of Slime)
 72978 | Tomb:1   | Entered Level 1 of the Tomb of the Ancients
 73342 | Tomb:1   | Reached skill level 24 in Maces & Flails
 73659 | Tomb:1   | Noticed a greater mummy
 73706 | Tomb:1   | Killed a greater mummy
 74369 | Tomb:2   | Noticed a greater mummy
 74369 | Tomb:2   | Noticed a greater mummy
 74369 | Tomb:2   | Noticed a greater mummy
 74372 | Tomb:2   | Noticed a greater mummy
 74559 | Tomb:2   | Killed a greater mummy
 74823 | Tomb:2   | Reached skill level 25 in Maces & Flails
 75190 | Tomb:3   | Entered Level 3 of the Tomb of the Ancients
 75379 | Tomb:2   | Reached XP level 27. HP: 236/236 MP: 23/26
 75545 | Tomb:3   | Noticed a greater mummy
 75548 | Tomb:2   | Reached skill level 23 in Shields
 75747 | Tomb:2   | Killed a greater mummy
 75975 | Tomb:3   | Noticed an ancient lich
 76112 | Tomb:3   | Noticed a greater mummy
 76114 | Tomb:3   | Noticed a greater mummy
 76147 | Tomb:2   | Killed an ancient lich
 76877 | Tomb:2   | Killed a greater mummy
 76877 | Tomb:2   | Reached skill level 24 in Shields
 77177 | Tomb:2   | Killed a greater mummy
 78475 | Tomb:3   | Noticed a greater mummy
 79180 | Tomb:2   | Killed a greater mummy
 79234 | Tomb:3   | Noticed a greater mummy
 79257 | Tomb:2   | Reached skill level 25 in Shields
 79346 | Tomb:2   | Killed a greater mummy
 79355 | Tomb:3   | Noticed a greater mummy
 79485 | Tomb:2   | Killed a greater mummy
 79638 | Tomb:3   | Noticed a greater mummy
 79661 | Tomb:3   | Killed a greater mummy
 79663 | Tomb:3   | Noticed a greater mummy
 79682 | Tomb:3   | Killed a greater mummy
 79707 | Tomb:3   | Got a golden rune of Zot
 79943 | Tomb:3   | Identified the Guide on Flames and Moulding (You found it on level 3 of the Tomb of the Ancients)
 80089 | Tomb:3   | Identified the Catalogue of Enchantment (You found it on level 3 of the Tomb of the Ancients)
 80105 | Tomb:3   | Identified the Grimoire of Displaced Flames
 80111 | Tomb:3   | Got a warped silver ring
 80123 | Tomb:3   | Identified the ring "Xetsena" {rF+ AC+3 Int+3} (You found it on level 3 of the Tomb of the Ancients)
 80155 | Tomb:3   | Identified the Collected Works on the Entourage and Enchantment (You found it on level 3 of the Tomb of the Ancients)
 80165 | Tomb:3   | Identified Sif Muna's Tome of Moulding and Curses
 80185 | Tomb:3   | Got a crude glass ring
 80192 | Tomb:3   | Identified the ring of the Mantidfly {*Contam rC+ rN+ Int+7} (You found it on level 3 of the Tomb of the Ancients)
 80220 | Tomb:3   | Identified Vorgh's Reference Book on the Igneous Frostbite (You found it on level 3 of the Tomb of the Ancients)
 80233 | Tomb:3   | Got a warped broad axe
 80331 | Tomb:3   | Identified the +10 broad axe of Disaster {chop, Str+5} (You found it on level 3 of the Tomb of the Ancients)
 80512 | Tomb:1   | Noticed a greater mummy
 80512 | Tomb:1   | Noticed a greater mummy
 80512 | Tomb:1   | Noticed a greater mummy
 80512 | Tomb:1   | Noticed a greater mummy
 80512 | Tomb:1   | Noticed a greater mummy
 80513 | Tomb:1   | Noticed a greater mummy
 80513 | Tomb:1   | Noticed a greater mummy
 80514 | Tomb:1   | Noticed a greater mummy
 80527 | Tomb:2   | Killed a greater mummy
 80549 | Tomb:2   | Killed a greater mummy
 81818 | Vaults:5 | Entered Level 5 of the Vaults
 82030 | Vaults:4 | Reached skill level 23 in Dodging
 82234 | Vaults:5 | Got a pitted cloak
 82303 | Vaults:5 | Identified the cursed +0 cloak of Kleptomania {Dex+4 Slay+5} (You found it on level 5 of the Vaults)
 82646 | Vaults:5 | Got a bloodstained chain mail
 82647 | Vaults:5 | Identified the +4 chain mail "Wahoc" {MR++ rCorr Int-2} (You found it on level 5 of the Vaults)
 82679 | Vaults:5 | Reached skill level 24 in Dodging
 82847 | Vaults:5 | Got a silver rune of Zot
 83203 | Vaults:5 | Reached skill level 25 in Dodging
 83268 | Vaults:5 | Got a warped scale mail
 83269 | Vaults:5 | Identified the +1 scale mail "Aqoximeh" {MR+ Int+7 Slay-2} (You found it on level 5 of the Vaults)
 83771 | Vaults:5 | Identified Luirgh's Volume of the Freezing Mountains (You found it on level 5 of the Vaults)
 84246 | Depths:1 | Voluntarily entered the Abyss.
 84390 | Abyss:3  | Reached skill level 26 in Dodging
 84455 | Abyss:3  | Got an abyssal rune of Zot
 84512 | Depths:1 | Escaped the Abyss
 84538 | Zig:1    | Entered Level 1 of a ziggurat
 84562 | Zig:2    | Entered Level 2 of a ziggurat
 84612 | Zig:3    | Entered Level 3 of a ziggurat
 84754 | Zig:4    | Entered Level 4 of a ziggurat
 84756 | Zig:4    | Noticed an ancient lich
 84757 | Zig:4    | Noticed an ancient lich
 84760 | Zig:4    | Cast into level 5 of the Abyss (an ancient lich)
 84760 | Abyss:5  | Entered Level 5 of the Abyss
 84760 | Abyss:5  | Found a corrupted altar of Lugonu.
 84774 | Zig:4    | Escaped the Abyss
 84781 | Zig:4    | Killed an ancient lich
 84790 | Zig:4    | Killed an ancient lich
 84815 | Zig:4    | Got a smoking broad axe
 84828 | Zig:4    | Identified the +10 broad axe of the Spider Nest {flame, Str+3} (You found it on level 4 of a ziggurat)
 84862 | Zig:5    | Entered Level 5 of a ziggurat
 84989 | Zig:5    | Reached skill level 27 in Dodging
 84993 | Zig:5    | Got a warped platinum ring
 85001 | Zig:5    | Identified the ring "Cievvuv" {rElec rF- rC+ Int+6} (You found it on level 5 of a ziggurat)
 85050 | Zig:6    | Entered Level 6 of a ziggurat
 85165 | Zig:7    | Entered Level 7 of a ziggurat
 85443 | Zig:7    | Got a flickering iron ring
 85464 | Zig:7    | Identified the ring "Kaeffuoq" {*Tele MR- Int+2 SInv} (You found it on level 7 of a ziggurat)
 85512 | Zig:8    | Entered Level 8 of a ziggurat
 85519 | Zig:8    | Noticed a juggernaut
 85538 | Zig:8    | Killed a juggernaut
 85678 | Zig:8    | Identified the Incunabulum of Distant Shores (You found it on level 8 of a ziggurat)
 85692 | Zig:8    | Got a heavily runed ring mail
 85709 | Zig:8    | Identified the +8 ring mail "Riumnoz" {rN+ Dex+5} (You found it on level 8 of a ziggurat)
 85843 | Zig:9    | Entered Level 9 of a ziggurat
 85898 | Zig:9    | Reached skill level 23 in Armour
 86127 | Zig:9    | Got a dazzling chain mail
 86146 | Zig:9    | Identified the Catalogue of Moulding and the Frostbite (You found it on level 9 of a ziggurat)
 86192 | Zig:9    | Identified the +2 chain mail "Tunwamah" {Int+2} (You found it on level 9 of a ziggurat)
 86356 | Zig:10   | Entered Level 10 of a ziggurat
 86696 | Zig:10   | Got a pair of polished boots
 86698 | Zig:10   | Got a brightly glowing brass ring
 86717 | Zig:10   | Identified the ring "Anedat" {+Fly MR+ SInv} (You found it on level 10 of a ziggurat)
 86739 | Zig:10   | Identified the +0 pair of boots of Ru {MR+} (You found it on level 10 of a ziggurat)
 86778 | Zig:11   | Entered Level 11 of a ziggurat
 86838 | Zig:11   | Reached skill level 24 in Armour
 87024 | Hell     | Entered the Vestibule of Hell
 87024 | Hell     | Noticed Geryon
 87270 | Hell     | Found a gateway to the decaying netherworld of Tartarus.
 87366 | Hell     | Killed Geryon
 87366 | Hell     | Reached skill level 25 in Armour
 87379 | Hell     | Gained mutation: You are very frail. (-20% HP) [the power of Zot]
 87484 | Hell     | Found a gateway to the ashen valley of Gehenna.
 87568 | Hell     | Found a gateway to the freezing wastes of Cocytus.
 87614 | Hell     | Found a gateway to the Iron City of Dis.
 87797 | Tar:1    | Entered Level 1 of Tartarus
 88022 | Tar:1    | Reached skill level 26 in Armour
 88592 | Tar:2    | Reached skill level 27 in Armour
 88610 | Tar:2    | :irresistable?
 88619 | Tar:2    | :fucking spirit howl
 89276 | Tar:5    | Reached skill level 26 in Fighting
 89499 | Tar:7    | Entered Level 7 of Tartarus
 89728 | Tar:7    | :this floormap was much more tolerable with ctele
 89750 | Tar:7    | Reached skill level 27 in Fighting
 90133 | Tar:7    | Noticed the Serpent of Hell
 90160 | Tar:7    | Killed the Serpent of Hell
 90161 | Tar:7    | HP: 8/318 [poison (dark miasma)]
 90162 | Tar:7    | Succumbed to poison (dark miasma)

Vault maps used:
D:1:      dpeg_arrival_tiny_a
D:2:      johnstein_pakellas_dig, first_bread, minmay_pentomino_u2
D:3:      nicolae_overflow_hidden_temple, minmay_checkerbox, uniq_robin
D:4:      minmay_misc_feat_iff, kennysheep_small_circle
D:5:      zin_purify, serial_shops, shop
D:6:      basic_altar
D:7:      bloody_trog, uniq_prince_ribbit1, uniq_pikel
D:8:      gammafunk_temple_overflow_claw, uniq_grum
D:9:      orc_0_dummy, grunt_pizzeria, grunt_ministairs_7
D:10:     david_lair_generic, special_room, minmay_ruffians, uniq_maurice
D:12:     grunt_ministairs_7, minmay_misc_feat_five
D:13:     minmay_isolated_rectangles_in_corner
D:14:     lightli_vaults_fourway_checkpoint, minmay_misc_feat_four_crosses,
          corexii_corridor_pit, grunt_dithmenos_smoke_and_mirrors
D:15:     hangedman_slaughterboxes, serial_shops
Lair:1:   guppyfry_lair_drakes, grunt_megastairs_5
Lair:3:   minmay_swamp_entry_wisps, uniq_nergalle
Lair:4:   guppyfry_snake_entry_island, uniq_sonja
Lair:5:   nicolae_slime_entry_slimehenge, basic_altar, uniq_josephine
Lair:6:   grunt_lair_end_beastmaster, grunt_megastairs_2, serial_bayou_shore_b
Swamp:1:  evilmike_swamp_ruin_house_5
Swamp:2:  evilmike_swamp_ruin_rubble_1, uniq_aizul
Swamp:3:  nicolae_swamp_trees_clearing, swamp_pool4, uniq_mara, uniq_roxanne,
          uniq_donald
Swamp:4:  swamp_alternative, hangedman_swamp_ruin_wall, swamp_pool3, uniq_louise
Snake:2:  uniq_kirke
Snake:4:  minmay_snake_end_coiled, grunt_ministairs_11, serial_bayou_pond_b
Slime:4:  nicolae_slime_ancient_tower_intersection
Orc:2:    grunt_orc_cross, serial_shops, shop_fountains
Elf:1:    eino_elf_arrival_sip, hangedman_elf_disciples, grunt_megastairs_4
Elf:2:    nicolae_trove_entry_crystal
Elf:3:    grunt_elf_hall_asides
Vaults:1: nicolae_vaults_network_star, v_misc_5, vaults_standard_mumra_lines,
          vaults_room_pools, nicolae_vaults_network_barrier,
          nicolae_vaults_gold_heap, vaults_standard_mumra_x,
          nicolae_vaults_alarming, vaults_room_fancy_cross, vaults_dpeg_hooks,
          vaults_dpeg_diagonal, uniq_jorgrun
Vaults:2: nicolae_vaults_ninety_degrees, vaults_mumra_hexcomb, v_misc_23,
          minmay_crypt_entry_skeletal_spiral, vaults_room_corners,
          grunt_vaults_twisty, vaults_dpeg_encased_lava, hangedman_vaults_nodes,
          v_misc_4, nicolae_vaults_shelves_hall, serial_shops,
          nicolae_shop_temple_entry_statues_fountains, uniq_frederick,
          uniq_nikola
Vaults:3: ontoclasm_vaults_ring_square, vaults_room_fancy_cross, v_rooms_1,
          v_misc_3, v_misc_23, hangedman_vaults_hat, hangedman_vaults_corner,
          grunt_tower_of_power, v_rooms_5, v_misc_11,
          ontoclasm_vaults_loading_screen, nicolae_vaults_little_ls,
          uniq_asterion, uniq_sojobo
Vaults:4: grunt_vaults_trifunnel, vaults_mumra_minichess_inversion,
          ontoclasm_vaults_pinch, dpeg_vaults_waves, hangedman_vaults_nails,
          nicolae_vaults_triangles, vaults_room_door_hall, v_misc_30,
          nicolae_vaults_little_squares_4, ontoclasm_vaults_idyll
Crypt:2:  serial_sigils_hangedman_etch, minivault_4, weyrava_ghost_lake,
          uniq_saint_roka, uniq_bai_suzhen
Crypt:3:  quadcrypt_mu, uniq_jory
Depths:1: enter_ziggurat_e, abyss_entry_small_statue_room, grunt_metal_band,
          hangedman_decor_peaks_small, minivault_11, hangedman_devilish_allure
Depths:2: minmay_guarded_unrand_sceptre_of_torment, abyss_entry_crystal,
          grunt_hell_entry_dis_old, minmay_misc_feat_diagonals
Depths:3: minmay_triangles_in_corner, abyss_entry, grunt_pan_entry_spiral,
          hangedman_geh_valley
Depths:4: hangedman_hanging_gardens, abyss_entry_flame_altar, hell_entry,
          roderic_nine_men_s_morris, minmay_statues_item,
          infiniplex_staircase_trident
Depths:5: grunt_zot_entry_tricorne, hell_entry, minmay_room_of_horrors,
          nicolae_twisting_strands, serial_shops, bzr_in_the_mist
Tar:1:    lemuel_nasty_pond
Tar:5:    nicolae_tar_cuneiform_not, nicolae_tar_cuneiform_to_be,
          nicolae_tar_cuneiform_three
Tar:7:    tar_minmay_river
Abyss:1:  evilmike_abyss_exit_chaos
Abyss:2:  kilobyte_mutagenic_chamber
Abyss:3:  evilmike_abyss_exit_12, grunt_abyss_rune_forest_and_sorcery,
          evilmike_abyss_exit_plants
Zig:1:    ziggurat_pillar_centre_c
Zig:11:   ziggurat_pillar_centre_oklobs
Bazaar:   bazaar_jpeg_cross

Skill      XL: |  1  2  3  4  5  6  7  8  9 10 11 12 13 14 15 16 17 18 19 20 21 22 23 24 25 26 27 |
---------------+----------------------------------------------------------------------------------+-----
Maces & Flails | 3 4 5 6 7 9 10 16 17 20 22 25 | 25.9
Fighting       | 5 8 12 14 17 20 22 24 25 27 | 27.0
Dodging        | 5 10 12 15 17 20 21 22 27 | 27.0
Armour         | 8 12 15 17 19 21 22 27 | 27.0
Evocations     | 5 |  5.5
Shields        | 3 12 15 19 22 25 | 25.6
Stealth        | 4 |  4.4
Spellcasting   | |  1.0
Summonings     | |  1.3

Action                   |  1- 3 |  4- 6 |  7- 9 | 10-12 | 13-15 | 16-18 | 19-21 | 22-24 | 25-27 || total
-------------------------+-------+-------+-------+-------+-------+-------+-------+-------+-------++-------
Melee: Mace              |    81 |    90 |       |       |       |       |       |       |       ||   171
       Headbutt          |    10 |    27 |    34 |   134 |   371 |   482 |   898 |   821 |  1758 ||  4535
       Morningstar       |       |    86 |   234 |   663 |  1555 |  1957 |  2406 |  1500 |       ||  8401
       Bite              |       |       |       |       |   194 |   271 |   521 |   315 |       ||  1301
       Unarmed           |       |       |       |       |       |     9 |       |       |       ||     9
       Demon whip        |       |       |       |       |       |       |       |   508 |  4481 ||  4989
Throw: Stone             |     8 |     2 |     3 |       |       |       |       |       |       ||    13
       Javelin           |       |       |       |     9 |       |       |       |       |       ||     9
       Tomahawk          |       |       |       |     1 |       |       |       |       |       ||     1
Invok: Quick Charge      |       |       |       |     6 |    44 |    26 |    16 |    16 |    21 ||   129
Evoke: Wand              |       |     1 |     9 |    22 |    23 |    20 |    19 |    11 |    28 ||   133
       Rod               |       |       |       |     3 |       |       |       |       |       ||     3
       Box of beasts     |       |       |       |       |       |     1 |       |       |       ||     1
       Horn of Geryon    |       |       |       |       |       |       |       |       |     1 ||     1
  Use: Scroll            |     4 |     4 |     5 |    18 |    10 |    13 |    14 |    18 |    45 ||   131
       Potion            |       |       |     1 |     4 |    12 |     7 |     3 |     4 |    20 ||    51
 Stab: Sleeping          |       |       |     1 |     7 |     6 |       |       |       |     3 ||    17
       Distracted        |       |       |       |     1 |     1 |       |       |     1 |     1 ||     4
       Invisible         |       |       |       |       |     3 |    10 |       |       |     3 ||    16
       Paralysed         |       |       |       |       |       |       |       |     1 |       ||     1
       Confused          |       |       |       |       |       |       |       |       |     2 ||     2
  Eat: Chunk             |     3 |    10 |    12 |    14 |    10 |    18 |    19 |     1 |     5 ||    92
       Beef jerky        |       |       |     1 |     1 |       |       |       |       |       ||     2
       Meat ration       |       |       |       |     2 |     4 |     6 |     2 |     5 |     6 ||    25
       Pizza             |       |       |       |     3 |     9 |     2 |       |     1 |     5 ||    20
       Fruit             |       |       |       |     1 |     3 |       |       |       |     7 ||    11
       Royal jelly       |       |       |       |     1 |       |       |     2 |     1 |       ||     4
       Bread ration      |       |       |       |       |       |       |       |     1 |    10 ||    11
Armor: Ring mail         |    41 |    78 |   103 |   372 |   297 |   363 |     3 |       |       ||  1257
       Robe              |     3 |       |       |       |       |       |       |       |       ||     3
       Skin              |       |       |    16 |       |       |       |       |       |    94 ||   110
       Fire dragon armou |       |       |       |       |       |       |   240 |   220 |   449 ||   909
       Scale mail        |       |       |       |       |       |       |    21 |       |       ||    21
Dodge: Dodged            |    44 |    86 |   154 |   533 |   641 |   846 |   780 |   691 |  1833 ||  5608
Block: Shield            |       |       |       |   198 |  1120 |  1584 |    20 |       |       ||  2922
       Reflection        |       |       |       |       |    24 |   130 |   114 |    91 |    79 ||   438
       Large shield      |       |       |       |       |       |       |  2315 |  2062 |  5106 ||  9483

Table legend:
 A = Turns spent in this place as a percentage of turns spent in the entire game.
 B = Non-inter-level travel turns spent in this place as a percentage of non-inter-level travel turns spent in the entire game.
 C = Inter-level travel turns spent in this place as a percentage of turns spent in this place.
 D = Turns resting spent in this place as a percentage of non-inter-level travel turns spent in this place.
 E = Turns spent auto-exploring this place as a percentage of non-inter-level travel turns spent in this place.
 F = Non-inter-level travel turns spent in this place divided by the number of levels of this place that you've seen.
                   A       B       C       D       E      F
               +-------+-------+-------+-------+-------+----------------------
         Total | 100.0 | 100.0 |   0.4 |   2.0 |   2.2 | 561.3
       Dungeon |  17.7 |  17.6 |   0.7 |   2.5 |   4.2 | 526.4
          Lair |   6.8 |   6.8 |   0.6 |   1.5 |   3.5 | 511.5
         Swamp |   4.9 |   4.9 |   0.3 |   2.2 |   2.8 | 546.0
     Snake Pit |   5.6 |   5.5 |   0.6 |   2.1 |   3.7 | 623.0
    Slime Pits |   2.4 |   2.4 |   0.0 |   1.9 |   0.0 | 215.0
  Orcish Mines |   3.4 |   3.4 |   0.9 |   1.8 |   2.0 | 761.0
   Elven Halls |   8.5 |   8.5 |   0.3 |   4.3 |   1.5 | 1276.3
        Vaults |  14.1 |  14.1 |   0.3 |   0.9 |   2.3 | 1269.4
         Crypt |   8.2 |   8.2 |   0.3 |   1.0 |   1.3 | 1223.3
          Tomb |   8.2 |   8.3 |   0.1 |   4.4 |   0.1 | 1237.7
        Depths |   8.6 |   8.7 |   0.2 |   1.3 |   2.8 | 777.6
          Hell |   1.4 |   1.4 |   0.2 |   0.0 |   0.8 | 616.0
      Tartarus |   5.4 |   5.5 |   0.0 |   0.2 |   0.0 | 350.6
         Abyss |   0.7 |   0.7 |   0.0 |   0.0 |   0.0 |  60.0
      Ziggurat |   3.7 |   3.8 |   0.0 |   0.9 |   0.0 | 153.3
        Bazaar |   0.4 |   0.4 |   0.0 |   0.0 |   0.0 | 165.0
               +-------+-------+-------+-------+-------+----------------------

Table legend:
 A = Kills in this place as a percentage of kills in entire the game.
 B = Kills by you in this place as a percentage of kills by you in the entire game.
 C = Kills by friends in this place as a percentage of kills by friends in the entire game.
 D = Other kills in this place as a percentage of other kills in the entire game.
 E = Experience gained in this place as a percentage of experience gained in the entire game.
 F = Experience gained in this place divided by the number of levels of this place that you have seen.
                   A       B       C       D       E      F
               +-------+-------+-------+-------+-------+----------------------
         Total | 100.0 | 100.0 | 100.0 | 100.0 | 100.0 | 25868.2
       Dungeon |  14.9 |  15.0 |   0.0 |   9.5 |   4.4 | 6096.4
          Lair |   7.8 |   7.8 |   0.0 |   2.4 |   3.0 | 10341.8
         Swamp |   4.3 |   4.3 |   0.0 |   4.8 |   3.2 | 16658.5
     Snake Pit |   4.7 |   4.8 |   0.0 |   0.0 |   4.2 | 21926.5
    Slime Pits |   2.3 |   2.3 |   0.0 |   0.0 |   3.7 | 15298.4
  Orcish Mines |   3.6 |   3.5 |   0.0 |   4.8 |   0.9 | 9298.0
   Elven Halls |   5.7 |   5.7 |   0.0 |   4.8 |   6.8 | 46864.0
        Vaults |  16.3 |  16.2 |   0.0 |  21.4 |  21.5 | 89061.8
         Crypt |   7.6 |   7.7 |   0.0 |   0.0 |   8.7 | 60351.7
          Tomb |   8.8 |   8.8 |   0.0 |   7.1 |  11.9 | 82019.0
        Depths |   9.9 |   9.5 |   0.0 |  40.5 |  12.6 | 51992.0
          Hell |   2.7 |   2.7 | 100.0 |   0.0 |   2.9 | 60489.0
      Tartarus |   7.7 |   7.7 |   0.0 |   2.4 |  10.7 | 31702.0
         Abyss |   0.8 |   0.8 |   0.0 |   0.0 |   0.9 | 3671.8
      Ziggurat |   2.9 |   2.9 |   0.0 |   2.4 |   4.5 | 8436.2
               +-------+-------+-------+-------+-------+----------------------
